2441 views
Uploaded 2021-08-21 14:26:01
Game version 1.32.10
34:40 long 1on1 ladder game on (4)TurtleRock
Saved by aom
2441 views
Uploaded 2021-08-21 14:26:01
Game version 1.32.10
34:40 long 1on1 ladder game on (4)TurtleRock

44 units @ 5.1k
/ 0.4k
17 buildings @ 2.6k
/ 1.1k


| Rod of Necromancy | 3 | 450 |
| Potion of Healing | 1 | 150 |
| Ritual Dagger | 1 | 125 |
| Boots of Speed | 1 | 250 |
| Periapt of Vitality | 1 | 325 |
| total: | 7 | 1300g |
| Acolyte | 22 | 1650 | / | 0 |
| Ghoul | 10 | 1200 | / | 0 |
| Crypt Fiend | 2 | 430 | / | 80 |
| Obsidian Statue | 4 | 800 | / | 140 |
| Gargoyle | 6 | 1050 | / | 180 |
| total: | 44 | 5130g | / | 400w |
| Nerubian Tower | 1 | 100 | / | 20 |
| Spirit Tower | 3 | 435 | / | 120 |
| Altar of Darkness | 1 | 180 | / | 50 |
| Ziggurat | 8 | 1200 | / | 400 |
| Crypt | 2 | 400 | / | 100 |
| Tomb of Relics | 1 | 130 | / | 30 |
| Graveyard | 1 | 215 | / | 0 |
| Slaughterhouse | 3 | 420 | / | 405 |
| Sacrificial Pit | 1 | 75 | / | 150 |
| Halls of the Dead | 2 | 640 | / | 420 |
| Black Citadel | 1 | 325 | / | 230 |
| total: | 17 | 2620g | / | 1135w |
| 0:06 | Acolyte |
| 0:08 | Altar of Darkness |
| 0:11 | Ziggurat |
| 0:13 | Ziggurat |
| 0:17 | Acolyte |
| 0:40 | Crypt |
| 0:57 | Tomb of Relics |
| 1:11 | Nerubian Tower |
| 1:37 | Graveyard |
| 1:41 | Ghoul |
| 1:41 | Ghoul |
| 1:49 | Ghoul |
| 1:49 | Ghoul |
| 2:06 | Rod of Necromancy |
| 2:09 | Death Coil |
| 2:57 | Halls of the Dead |
| 3:18 | Ziggurat |
| 3:39 | Ziggurat |
| 3:42 | Crypt Fiend |
| 4:25 | Unholy Aura |
| 4:40 | Crypt Fiend |
| 4:44 | Boots of Speed |
| 5:31 | Black Citadel |
| 5:44 | Breath of Fire |
| 5:49 | Unholy Strength |
| 6:28 | Slaughterhouse |
| 6:29 | Slaughterhouse |
| 6:33 | Potion of Healing |
| 7:02 | Ghoul |
| 7:02 | Ghoul |
| 7:02 | Ghoul |
| 7:03 | Ghoul |
| 7:50 | Spirit Tower |
| 7:51 | Spirit Tower |
| 8:27 | Rod of Necromancy |
| 8:43 | Destroyer Form |
| 8:51 | Acolyte |
| 8:54 | Ghoul Frenzy |
| 9:38 | Slaughterhouse |
| 9:40 | Ziggurat |
| 9:55 | Cannibalize |
| 9:58 | Ghoul |
| 10:02 | Disease Cloud |
| 10:25 | Acolyte |
| 10:29 | Ziggurat |
| 11:00 | Obsidian Statue |
| 11:00 | Obsidian Statue |
| 11:18 | Sacrificial Pit |
| 11:45 | Spirit Tower |
| 12:08 | Acolyte |
| 12:24 | Drunken Brawler |
| 12:36 | Periapt of Vitality |
| 12:39 | Death Coil |
| 12:49 | Acolyte |
| 12:49 | Acolyte |
| 12:49 | Acolyte |
| 13:44 | Acolyte |
| 13:45 | Acolyte |
| 13:45 | Acolyte |
| 14:19 | Acolyte |
| 14:20 | Acolyte |
| 14:24 | Acolyte |
| 14:24 | Acolyte |
| 14:46 | Acolyte |
| 14:46 | Acolyte |
| 16:00 | Crypt |
| 16:03 | Ziggurat |
| 16:08 | Ziggurat |
| 17:06 | Acolyte |
| 17:06 | Acolyte |
| 17:12 | Gargoyle |
| 17:21 | Acolyte |
| 17:59 | Gargoyle |
| 18:49 | Gargoyle |
| 19:02 | Obsidian Statue |
| 19:20 | Gargoyle |
| 19:58 | Breath of Fire |
| 20:24 | Gargoyle |
| 20:26 | Gargoyle |
| 21:18 | Creature Attack |
| 21:24 | Obsidian Statue |
| 21:32 | Ritual Dagger |
| 21:33 | Rod of Necromancy |
| 22:56 | Unholy Aura |
| 23:06 | Ghoul |
| 23:36 | Drunken Brawler |
| 23:37 | Breath of Fire |
| 24:10 | Acolyte |
| 25:28 | Acolyte |
| 28:32 | Death Coil |
| Select group | 2295 |
| Right click | 1423 |
| Select | 677 |
| Misc. action | 197 |
| Build/train/purchase | 113 |
| Use ability | 81 |
| Assign group | 41 |
| Chat | 28 |
| Item give/drop | 6 |
| Remove unit | 2 |
43 units @ 5.1k
/ 0.6k
47 buildings @ 4.6k
/ 2.4k


| Lesser Clarity Potion | 5 | 350 |
| Boots of Speed | 1 | 250 |
| Staff of Teleportation | 1 | 150 |
| total: | 7 | 750g |
| Peasant | 27 | 2025 | / | 0 |
| Sorceress | 1 | 155 | / | 20 |
| Priest | 3 | 405 | / | 30 |
| Gryphon Rider | 4 | 1120 | / | 280 |
| Flying Machine | 2 | 200 | / | 60 |
| Dragonhawk Rider | 6 | 1200 | / | 180 |
| total: | 43 | 5105g | / | 570w |
| Scout Tower | 19 | 570 | / | 380 |
| Arcane Tower | 1 | 70 | / | 50 |
| Guard Tower | 10 | 700 | / | 500 |
| Altar of Kings | 1 | 180 | / | 50 |
| Farm | 14 | 1120 | / | 280 |
| Arcane Vault | 1 | 130 | / | 30 |
| Lumber Mill | 2 | 240 | / | 0 |
| Town Hall | 4 | 1540 | / | 820 |
| Blacksmith | 1 | 140 | / | 60 |
| Arcane Sanctum | 1 | 150 | / | 140 |
| Gryphon Aviary | 3 | 420 | / | 450 |
| Workshop | 1 | 140 | / | 140 |
| Keep | 1 | 320 | / | 210 |
| Castle | 1 | 360 | / | 210 |
| total: | 47 | 4630g | / | 2350w |
| 0:01 | Peasant |
| 0:01 | Peasant |
| 0:06 | Altar of Kings |
| 0:08 | Farm |
| 0:17 | Peasant |
| 0:25 | Peasant |
| 0:31 | Peasant |
| 0:32 | Peasant |
| 0:32 | Peasant |
| 0:45 | Arcane Vault |
| 0:47 | Peasant |
| 0:57 | Lumber Mill |
| 0:59 | Peasant |
| 1:09 | Peasant |
| 1:32 | Farm |
| 1:37 | Peasant |
| 1:47 | Farm |
| 1:52 | Peasant |
| 1:57 | Peasant |
| 1:57 | Peasant |
| 1:57 | Peasant |
| 2:06 | Holy Light |
| 2:10 | Scout Tower |
| 2:11 | Peasant |
| 2:21 | Peasant |
| 2:41 | Peasant |
| 2:44 | Arcane Tower |
| 2:47 | Scout Tower |
| 2:48 | Scout Tower |
| 2:56 | Peasant |
| 3:12 | Divine Shield |
| 3:36 | Peasant |
| 3:36 | Peasant |
| 3:37 | Peasant |
| 4:51 | Town Hall |
| 4:53 | Holy Light |
| 5:15 | Boots of Speed |
| 5:15 | Staff of Teleportation |
| 6:00 | Guard Tower |
| 6:50 | Keep |
| 6:55 | Scout Tower |
| 6:57 | Scout Tower |
| 8:03 | Guard Tower |
| 8:16 | Farm |
| 8:21 | Lesser Clarity Potion |
| 8:22 | Lesser Clarity Potion |
| 8:26 | Lesser Clarity Potion |
| 9:19 | Arcane Sanctum |
| 9:24 | Improved Masonry |
| 9:24 | Improved Lumber Harvesting |
| 9:41 | Lesser Clarity Potion |
| 9:41 | Lesser Clarity Potion |
| 9:48 | Farm |
| 10:39 | Siphon Mana |
| 10:44 | Castle |
| 10:45 | Sorceress Adept Training |
| 10:46 | Sorceress |
| 10:46 | Priest |
| 10:51 | Farm |
| 10:54 | Scout Tower |
| 10:55 | Scout Tower |
| 11:05 | Scout Tower |
| 11:11 | Scout Tower |
| 11:11 | Scout Tower |
| 11:12 | Scout Tower |
| 12:04 | Guard Tower |
| 12:07 | Gryphon Aviary |
| 12:10 | Guard Tower |
| 12:13 | Gryphon Aviary |
| 12:37 | Divine Shield |
| 12:48 | Guard Tower |
| 12:55 | Priest |
| 13:01 | Town Hall |
| 13:02 | Guard Tower |
| 13:06 | Peasant |
| 13:06 | Peasant |
| 13:06 | Peasant |
| 13:07 | Peasant |
| 13:07 | Peasant |
| 13:35 | Cloud |
| 13:36 | Storm Hammers |
| 13:46 | Blacksmith |
| 13:50 | Gryphon Rider |
| 13:56 | Priest Adept Training |
| 13:56 | Priest Master Training |
| 14:24 | Gryphon Rider |
| 15:35 | Iron Forged Swords |
| 15:39 | Workshop |
| 15:53 | Lumber Mill |
| 16:01 | Farm |
| 16:01 | Farm |
| 16:02 | Farm |
| 17:11 | Flying Machine |
| 17:23 | Gryphon Rider |
| 17:24 | Gryphon Rider |
| 17:28 | Farm |
| 17:29 | Farm |
| 17:44 | Scout Tower |
| 17:44 | Scout Tower |
| 18:39 | Guard Tower |
| 19:11 | Guard Tower |
| 19:12 | Scout Tower |
| 19:27 | Steel Forged Swords |
| 19:30 | Flame Strike |
| 19:39 | Farm |
| 19:40 | Farm |
| 19:40 | Farm |
| 19:45 | Guard Tower |
| 19:49 | Town Hall |
| 20:09 | Flame Strike |
| 20:26 | Advanced Masonry |
| 20:31 | Scout Tower |
| 20:31 | Scout Tower |
| 20:31 | Scout Tower |
| 20:32 | Scout Tower |
| 20:32 | Scout Tower |
| 22:02 | Guard Tower |
| 22:25 | Holy Light |
| 22:30 | Dragonhawk Rider |
| 22:40 | Gryphon Aviary |
| 23:11 | Town Hall |
| 25:30 | Dragonhawk Rider |
| 25:48 | Dragonhawk Rider |
| 25:48 | Dragonhawk Rider |
| 26:19 | Dragonhawk Rider |
| 27:44 | Dragonhawk Rider |
| 28:18 | Resurrection |
| 29:22 | Flying Machine |
| 29:57 | Priest |
| 30:23 | Siphon Mana |
| 34:37 | Flame Strike |
| Right click | 1704 |
| Select | 590 |
| Build/train/purchase | 121 |
| Select group | 116 |
| Use ability | 111 |
| Assign group | 74 |
| Remove unit | 6 |
| Item give/drop | 3 |